 Dungeon Crawl Stone Soup version 0.21.1-1-g345015f (webtiles) character file.

173 vatarom the Gusty (level 5, -6/61 HPs)
             Began as a Draconian Air Elementalist on Mar 4, 2018.
             Mangled by an ogre
             ... wielding a +0 giant club
              (16 damage)
             ... on level 3 of the Dungeon.
             The game lasted 00:05:06 (3397 turns).

vatarom the Gusty (Draconian Air Elementalist)      Turns: 3397, Time: 00:05:07

Health: -6/61      AC: 22    Str:  9 (11) XL:     5   Next: 28%
Magic:  2/9        EV:  2    Int: 15 (16) God:
Gold:   173        SH:  0    Dex:  9 (11) Spells: 3/9 levels left

rFire    . . .     SeeInvis .   p - +0 hand axe
rCold    . . .     Gourm    .   (no shield)
rNeg     + + +     Faith    .   (armour unavailable)
rPois    +         Spirit   .   (helmet currently unavailable)
rElec    .         Reflect  .   (cloak currently unavailable)
rCorr    .         Harm     .   (gloves currently unavailable)
MR       .....     NoTele   +   (boots currently unavailable)
Stlth    +++.......             (no amulet)
HPRegen  0.20/turn              g - ring of stealth
MPRegen  0.11/turn              (no ring)

@: tree-form, very slightly contaminated, hasted, very quick
A: unfitting armour, AC +5
a: no special abilities


You were on level 3 of the Dungeon.
You were not hungry.
You were a tree.
You visited 1 branch of the dungeon, and saw 4 of its levels.

You collected 173 gold pieces.

Inventory:

Hand Weapons
 p - a +0 hand axe (weapon)
Missiles
 c - a throwing net (quivered)
Jewellery
 g - a ring of stealth (left branch)
Scrolls
 d - 2 scrolls of amnesia
 e - 5 scrolls of teleportation
 f - 4 scrolls of identify
 i - 2 scrolls of fear
 j - 2 scrolls of random uselessness
 n - 3 scrolls of remove curse
 q - a scroll of magic mapping {unknown}
 r - a scroll of enchant armour {unknown}
Potions
 h - 2 potions of magic
Books
 a - a book of Air

   Spells                             Type                      Level
   a - Shock                          Conjuration/Air              1
   b - Swiftness                      Charms/Air                   2
   c - Static Discharge               Conjuration/Air              3
   d - Airstrike                      Air                          4
   e - Lightning Bolt                 Conjuration/Air              5
Comestibles
 b - 2 rations
 s - 2 chunks of flesh


   Skills:
 + Level 2.3 Fighting
 - Level 1.7 Dodging
 - Level 1.7 Stealth
 + Level 2.7 Spellcasting
 + Level 2.6 Conjurations
 * Level 4.3 Air Magic


You had 3 spell levels left.
You knew the following spells:

 Your Spells              Type           Power        Failure   Level  Hunger
a - Shock                 Conj/Air       ##..         4%          1    #......
b - Swiftness             Chrm/Air       #.......     13%         2    ##.....
c - Static Discharge      Conj/Air       ##......     14%         3    ###....


Dungeon Overview and Level Annotations

Branches:
Dungeon (4/15)
 Temple: D:4-7

Altars:
Ashenzari
Dithmenos
Nemelex Xobeh


Innate Abilities, Weirdness & Mutations

((Your plain brown scales are hard. (AC +5)))
You cannot fit into any form of body armour.
((You are cold-blooded and may be slowed by cold attacks.))


Message History

It was a potion of lignification.
You turn into a tree.
Your roots penetrate the ground.
The ogre hits you but does no damage.
You hit the ogre.
The ogre is moderately wounded.
The ogre barely misses you.
You hit the ogre.
The ogre is heavily wounded.
You hit the ogre but do no damage.
The ogre is heavily wounded.
The ogre hits you with a giant club!
You hit the ogre.
The ogre is heavily wounded.
You hit the ogre.
The ogre is severely wounded.
The ogre hits you with a giant club!!
* * * LOW HITPOINT WARNING * * *
You hit the ogre.
The ogre is almost dead.
The ogre hits you with a giant club!
You die...

......................'.........'
##....####.####.....###.........#
##....# #.....# ##.......##
##...# ##...## ##.....##
####...###.# #.### ##...##
...#.......# #.# ##'##
..#....##### #.# #.# ....##.# #O#
#.# ..####.# #♣##########.## ...#
#.# #.......>##...#### ######.#
#......#.#...#.... .......#
##.###.#.##...#### #.###### #.#
#.#.###..# #.# #.# #........# ..#
#.# ###.###.## ### #.# #.# #.#
#.#####.# #[#


You could see an ogre.

Vanquished Creatures
  A centaur skeleton (D:4)
  3 adders (D:2)
  3 gnolls (D:3)
  An ooze (D:1)
  2 worms (D:3)
  4 dart slugs
  8 leopard geckos
  An orc (D:2)
  A ball python (D:3)
  A giant cockroach (D:2)
  9 goblins
  4 hobgoblins
  3 jackals (D:2)
  A quokka (D:2)
  3 bats
  11 frilled lizards
  6 kobolds
  8 rats
70 creatures vanquished.

Notes
Turn   | Place    | Note
-------+----------+-------------------------------------------
     0 | D:1      | vatarom the Draconian Air Elementalist began the quest for the Orb.
     0 | D:1      | Reached XP level 1. HP: 14/14 MP: 3/3
   211 | D:1      | Reached XP level 2. HP: 21/22 MP: 3/5
   783 | D:1      | Reached skill level 1 in Fighting
  1168 | D:1      | Reached XP level 3. HP: 28/28 MP: 6/6
  1394 | D:2      | Found a sparkling altar of Nemelex Xobeh.
  1485 | D:2      | Learned a level 2 spell: Swiftness
  1489 | D:2      | Learned a level 3 spell: Static Discharge
  1749 | D:2      | Reached XP level 4. HP: 18/35 MP: 0/7
  1945 | D:2      | Found a faded altar of an unknown god.
  2275 | D:3      | Reached skill level 4 in Air Magic
  2600 | D:3      | Found a shattered altar of Ashenzari.
  2700 | D:3      | Found a shadowy altar of Dithmenos.
  2847 | D:3      | Reached XP level 5. HP: 21/41 MP: 2/8
  3102 | D:3      | Noticed an ogre
  3397 | D:3      | Mangled by an ogre

Skill      XL: |  1  2  3  4 |
---------------+-------------+-----
Fighting       | 1 2 |  2.3
Conjurations   | 2 |  2.6
Air Magic      | 4 |  4.3
Dodging        | |  1.7
Stealth        | |  1.7
Spellcasting   | |  2.7

Action                   |  1- 3 |  4- 6 || total
-------------------------+-------+-------++-------
Melee: Club              |     6 |       ||     6
       Unarmed           |     3 |       ||     3
       Whip              |    82 |       ||    82
       Tailslap          |     8 |     9 ||    17
       Hand axe          |       |   114 ||   114
 Cast: Shock             |    26 |    18 ||    44
       Static Discharge  |     1 |     2 ||     3
  Use: Scroll            |     5 |     2 ||     7
       Potion            |       |     4 ||     4
 Stab: Sleeping          |    10 |     4 ||    14
  Eat: Chunk             |     3 |     5 ||     8
       Ration            |       |     1 ||     1
Armor: Skin              |    28 |    31 ||    59
Dodge: Dodged            |    68 |    73 ||   141
